 Dungeon Crawl Stone Soup version 0.28.0-45-g0d030f2227 (webtiles) character file.

Game seed: 13720335530867818411

3488 DoubleLucky the Conjurer (level 9, -10/79 HPs)
             Began as a Black Draconian Conjurer on Apr 3, 2022.
             Mangled by an orc warrior
             ... wielding a +0 halberd
              (18 damage)
             ... on level 8 of the Dungeon.
             The game lasted 00:29:47 (11259 turns).

DoubleLucky the Conjurer (DrCj)                    Turns: 11259, Time: 00:29:47

Health: -10/79     AC:  9    Str:  9    XL:     9   Next: 80%
Magic:  11/18      EV: 15    Int: 23    God:
Gold:   611        SH:  0    Dex: 15    Spells: 10/20 levels left

rFire   . . .      SeeInvis .   v - +12 mace of the Beast {vorpal, rC+ Dex+5}
rCold   + . .      Faith    .   (no shield)
rNeg    . . .      Spirit   .   (armour unavailable)
rPois   .          Reflect  .   (helmet restricted)
rElec   +          Harm     .   w - +0 cloak {rCorr}
rCorr   +          Rampage  .   (no gloves)
Will    .....                   f - +0 pair of boots
Stlth   ++........              (no amulet)
HPRegen 0.23/turn               (no ring)
MPRegen 0.16/turn               (no ring)

@: about to teleport
A: breathe lightning, AC +7, unfitting armour, electricity resistance,
cold-blooded
a: Breathe Lightning


You were on level 8 of the Dungeon.
You visited 1 branch of the dungeon, and saw 7 of its levels.

You collected 669 gold pieces.
You spent 58 gold pieces at shops.

Inventory:

Hand Weapons
 a - a +0 dagger
 v - the +12 mace of the Beast (weapon) {vorpal, rC+ Dex+5}
   (You found it on level 5 of the Dungeon)

   It inflicts extra damage upon your enemies.
   Dex:       It affects your dexterity (+5).
   rC:        It protects you from cold.
Missiles
 r - a throwing net
Armour
 f - a +0 pair of boots (worn)
 u - a +0 cloak
 w - a +0 cloak of preservation (worn)
Wands
 h - a wand of flame (11)
 k - a wand of mindburst (7)
 p - a wand of polymorph (9)
Scrolls
 o - a scroll of holy word
 t - a scroll of enchant armour
Potions
 b - a potion of mutation {unknown}
 d - 2 potions of cancellation
 e - a potion of resistance {unknown}
 g - a potion of attraction {unknown}
 i - a potion of curing {unknown}
 j - a potion of berserk rage {unknown}
 l - a potion of haste {unknown}
 m - a potion of brilliance {unknown}
 n - a potion of degeneration {unknown}
 q - a potion of might {unknown}
 s - a potion of magic


   Skills:
 + Level 7.1 Fighting
 + Level 2.7 Maces & Flails
 + Level 6.1 Dodging
 - Level 1.7 Stealth
 + Level 6.2 Spellcasting
 + Level 7.7 Conjurations
 + Level 3.5 Hexes


You had 10 spell levels left.
You knew the following spells:

 Your Spells              Type           Power      Damage    Failure   Level
a - Magic Dart            Conj           100%       1d8       1%          1
b - Searing Ray           Conj           84%        2d7       1%          2
c - Dazzling Flash        Conj/Hex       66%        N/A       2%          3
d - Fulminant Prism       Conj/Hex       16%        3d11      9%          4

Your spell library contained the following spells:

 Spells                   Type           Power      Damage    Failure   Level
 Corpse Rot               Necr/Air       14%        N/A       13%         2
 Sublimation of Blood     Necr           7%         N/A       13%         2
 Wereblood                Tmut           7%         N/A       13%         2
 Iskenderun's Mystic Bla  Conj/Tloc      24%        2d7       17%         4
 Dispel Undead            Necr           7%         3d8       63%         4
 Blade Hands              Tmut           3%         N/A       93%         5
 Iron Shot                Conj/Erth      12%        9d3       95%         6
 Death Channel            Necr           3%         N/A       100%        6
 Summon Hydra             Summ           3%         N/A       100%        7
 Animate Armour           Summ/Erth      Unusable   N/A       N/A         4

Dungeon Overview and Level Annotations

Branches:
Dungeon (6/15)
 Temple: D:4-7

Altars:
Qazlal
Sif Muna

Shops:
D:3 [


Innate Abilities, Weirdness & Mutations

You can breathe wild blasts of lightning.
Your glossy black scales are hard. (AC +7)
You cannot fit into any form of body armour.
You are resistant to electric shocks. (rElec)
You are cold-blooded and may be slowed by cold attacks.


Message History

Confirm with . or Enter, or press ? or * to list all spells.
Aiming: Searing Ray (safe; 1% risk of failure)
Press: ? - help, Shift-Dir - straight line The searing ray misses the orc wizard. (Press . to maintain the ray.)
The orc wizard casts a spell at you. The puff of flame hits you!
The searing ray hits the orc wizard.
The orc wizard is heavily wounded.
The searing ray hits the orc warrior!
The orc warrior is moderately wounded.
The orc warrior hits you from afar with a +0 halberd.
* * * LOW HITPOINT WARNING * * *
The orc wizard casts a spell at you.
You are confused.
You're too confused to move!
The orc warrior hits you from afar with a +0 halberd!
* * * LOW HITPOINT WARNING * * *
The orc wizard hits you but does no damage.
There is a large open door here.
You're too confused to move!
The orc wizard casts a spell at you. The puff of flame hits you.
* * * LOW HITPOINT WARNING * * *
You feel less confused.
A centaur zombie comes into view.
As you read the scroll of teleportation, it crumbles to dust.
You feel strangely unstable. The orc warrior misses you.
Casting: Searing Ray (safe; 1% risk of failure)
Confirm with . or Enter, or press ? or * to list all spells.
Aiming: Searing Ray (safe; 1% risk of failure)
Press: ? - help, Shift-Dir - straight line, f - orc priest
Aim: an orc priest, wielding a +0 dagger of speed and wearing a +0 scale mail (severely wounded, 84% to hit)
The searing ray hits the orc warrior!
The orc warrior is heavily wounded.
The searing ray hits the orc priest.
The orc priest is severely wounded. (Press . to maintain the ray.)
The orc warrior hits you from afar with a +0 halberd!!
You die...

#≈ #...#≈≈.#≈≈≈#.#.....#.........
#≈ ######≈o+≈≈§+.#.....#.....##..
#≈##≈≈≈##≈.#≈≈§#.+.....#.....##..
#≈≈≈≈≈≈≈≈≈o##'##Z#.....#......#..
#...#.....o..oo..#.....#.....##..
#...#........#...#.....#.....##..
#...'........#.o.#.....#.....#
#...#........#...#.....#.....#
#...#........#..@#.....#......
#...#........#####.....+
#...'........#...#
#...#........'...#
#...#........#...#
#...#........#...#
#...#........##### #####........#
#...#........#


You could see an orc warrior, an orc priest, an orc wizard and a centaur zombie.

Vanquished Creatures
  Maurice (D:8)
  Sigmund (D:5)
  Eustachio (D:6)
  Edmund (D:6)
  2 sky beasts
  5 ice beasts
  2 black bears
  An ogre (D:4)
  2 centaurs
  A necrophage (D:5)
  3 phantoms
  A bullfrog (D:6)
  A gnoll sergeant (D:4)
  A wyvern skeleton (D:6)
  2 scorpions
  4 wights (D:6)
  An electric eel (D:8)
  2 bullfrog zombies
  A centaur zombie (D:5)
  A jelly (D:5)
  An orc priest (D:8)
  Crazy Yiuf (D:5)
  6 hounds
  A bullfrog skeleton (D:5)
  2 centaur skeletons
  A scorpion zombie (D:5)
  Ijyb (D:4)
  3 iguanas
  2 orc wizards (D:4)
  A killer bee zombie (D:8)
  2 hound skeletons (D:5)
  A howler monkey zombie (D:5)
  3 gnolls (D:4)
  8 adders
  A white imp (D:6)
  2 ufetubi
  A worm (D:2)
  2 dart slugs
  9 orcs
  8 ball pythons
  5 bats
  10 endoplasms
  3 giant cockroaches
  7 goblins
  9 hobgoblins
  11 jackals
  4 quokkas
  5 frilled lizards
  7 kobolds
  6 rats
157 creatures vanquished.

Vanquished Creatures (others)
  A fungus (D:5)
  4 plants (D:6)
5 creatures vanquished.

Grand Total: 162 creatures vanquished

Notes
Turn   | Place    | Note
-------+----------+-------------------------------------------
     0 | D:1      | DoubleLucky the Draconian Conjurer began the quest for the
                  | Orb.
     0 | D:1      | Reached XP level 1. HP: 14/14 MP: 3/3
   300 | D:1      | Reached XP level 2. HP: 22/22 MP: 3/5
   621 | D:1      | Reached skill level 1 in Fighting
   729 | D:1      | Learned a level 2 spell: Searing Ray
   827 | D:1      | Found a faded altar of an unknown god.
  1413 | D:2      | Reached XP level 3. HP: 28/28 MP: 2/6
  2450 | D:2      | Reached XP level 4. HP: 36/36 MP: 3/7
  2958 | D:3      | Found Refaeman's Armour Boutique.
  2969 | D:3      | Bought a +0 pair of boots for 58 gold pieces
  4243 | D:4      | Reached XP level 5. HP: 42/42 MP: 2/9
  4469 | D:4      | Noticed a phantom
  4481 | D:4      | Killed a phantom
  4701 | D:4      | Noticed an ogre
  4707 | D:4      | Killed an ogre
  4708 | D:4      | Reached skill level 5 in Conjurations
  4708 | D:4      | Reached XP level 6. HP: 51/51 MP: 2/11
  5779 | D:5      | Entered Level 5 of the Dungeon
  5785 | D:5      | Noticed a sky beast
  6064 | D:4      | Killed a sky beast
  6065 | D:4      | Your scales start taking on a glossy black colour.
  6065 | D:4      | Reached XP level 7. HP: 25/58 MP: 1/12
  6065 | D:4      | Gained mutation: You are resistant to electric shocks.
                  | (rElec) [Black Draconian growth]
  6803 | D:5      | Noticed Ijyb
  7011 | D:5      | Noticed Sigmund
  7248 | D:4      | Killed Ijyb
  7546 | D:5      | Killed Sigmund
  7547 | D:5      | Reached skill level 5 in Fighting
  7547 | D:5      | Reached XP level 8. HP: 68/68 MP: 8/15
  7867 | D:5      | Learned a level 3 spell: Dazzling Flash
  7872 | D:5      | Learned a level 4 spell: Fulminant Prism
  7919 | D:5      | Reached skill level 5 in Spellcasting
  8039 | D:5      | Reached skill level 5 in Dodging
  8039 | D:5      | Reached skill level 1 in Hexes
  8459 | D:5      | Reached XP level 9. HP: 39/75 MP: 0/17
  8913 | D:5      | Found a runed translucent door.
  8916 | D:5      | Noticed Crazy Yiuf
  9139 | D:5      | Killed Crazy Yiuf
  9160 | D:5      | Identified the +12 mace of the Beast {vorpal, rC+ Dex+5}
  9591 | D:5      | Found a stormy altar of Qazlal.
 10062 | D:6      | Found a shimmering blue altar of Sif Muna.
 10170 | D:6      | Reached skill level 1 in Maces & Flails
 10529 | D:6      | Noticed Edmund
 10538 | D:6      | Killed Edmund
 10755 | D:6      | Noticed Eustachio
 10762 | D:6      | Killed Eustachio
 10787 | D:6      | You fall into a shaft and drop 2 floors!
 10822 | D:8      | Noticed Maurice
 10866 | D:8      | Killed Maurice
 11259 | D:8      | Mangled by an orc warrior

Illustrated notes

Levels and vault maps discovered:
D:1:      ncdulo_wetmaze, layout_loops_cross,
          shapermc_ecumenical_altar_acropolis, minmay_split_cup_small
D:2:      minmay_skewed_foursquare, layout_basic
D:3:      layout_rooms, serial_shops, nicolae_shop_advertising_works
          [nicolae_subvault_shop_adworks]
D:4:      layout_basic
D:5:      minmay_polygon_palace, layout_basic, nicolae_qazlal_style_of_elements,
          small_statue_alley_b, minmay_misc_feat_doors,
          minmay_fractal_squares_diagonal_5, uniq_ijyb, uniq_crazy_yiuf_cottage,
          uniq_sigmund
D:6:      layout_layer_cave, marbit_many_paths,
          mainiacjoe_overflow_small_starburst,
          minmay_temple_entry_gardened_gates, nicolae_shop_gadgets, uniq_edmund,
          uniq_eustachio
D:8:      layout_gridville, nicolae_uskayaw_dance_studio, lemuel_round_altar,
          minmay_liquid_box, lightli_minifort, uniq_psyche, uniq_maurice

Skill      XL: |  1  2  3  4  5  6  7  8  9 |
---------------+----------------------------+-----
Dodging        | 2 3 4 5 6 |  6.1
Fighting       | 1 2 3 5 6 7 |  7.1
Spellcasting   | 3 4 5 6 |  6.2
Conjurations   | 5 6 7 |  7.7
Hexes          | 2 3 |  3.5
Maces & Flails | 2 |  2.7
Stealth        | |  1.7

Action                   |  1- 3 |  4- 6 |  7- 9 || total
-------------------------+-------+-------+-------++-------
Melee: Unarmed           |     2 |       |       ||     2
       Dagger            |    18 |    11 |     4 ||    33
       Tailslap          |     5 |       |     5 ||    10
       Mace              |       |       |    15 ||    15
 Cast: Magic Dart        |   100 |    85 |    98 ||   283
       Searing Ray       |     4 |    19 |    54 ||    77
 Abil: Breathe Lightning |       |       |     5 ||     5
  Use: Scroll            |       |       |     9 ||     9
 Stab: Sleeping          |       |       |     1 ||     1
Armor: Skin              |     2 |    17 |    75 ||    94
Dodge: Dodged            |    16 |    17 |   141 ||   174
